 Dungeon Crawl Stone Soup version 0.23.2 (webtiles) character file.

Game seed: 10619078633213326319

6389 Fang the Fighter (level 10, 0/99 HPs)
             Began as a Gargoyle Berserker on Apr 3, 2019.
             Was a High Priest of Trog.
             Slain by an orc warrior
             ... wielding a cursed -1 flail
              (5 damage)
             ... on level 9 of the Dungeon.
             The game lasted 00:08:00 (6726 turns).

Fang the Fighter (Gargoyle Berserker)               Turns: 6726, Time: 00:08:01

Health: 0/99       AC: 23    Str: 29    XL:     10   Next: 97%
Magic:  3/3        EV: 11    Int:  8    God:    Trog [*****.]
Gold:   447        SH:  0    Dex: 13    Spells: 9/9 levels left

rFire    . . .     SeeInvis +   d - +2 battleaxe (antimagic)
rCold    . . .     Gourm    .   (shield currently unavailable)
rNeg     + . .     Faith    .   M - +2 plate armour
rPois    ∞         Spirit   .   (no helmet)
rElec    +         Reflect  .   (no cloak)
rCorr    .         Harm     .   (no gloves)
MR       .....                  (no boots)
Stlth    ..........             u - amulet of regeneration
HPRegen  0.66/turn              r - +4 ring of dexterity
MPRegen  0.08/turn              H - ring of see invisible

@: berserking (expiring), very quick
A: negative energy resistance 1, electricity resistance, unbreathing,
petrification resistance, rot immunity, AC +7
a: Berserk, Trog's Hand, Brothers in Arms, Renounce Religion


You were on level 9 of the Dungeon.
You worshipped Trog.
Trog was extremely pleased with you.
You were very hungry.

You visited 2 branches of the dungeon, and saw 10 of its levels.

You collected 447 gold pieces.

Inventory:

Hand Weapons
 b - a +3 war axe
 d - a +2 antimagic battleaxe (weapon)
 e - a +0 hand axe of electrocution
Armour
 M - a +2 plate armour (worn)
Jewellery
 r - a +4 ring of dexterity (left hand)
 s - a +3 amulet of reflection
 u - an amulet of regeneration (around neck)
 A - an uncursed ring of protection from magic
 H - a ring of see invisible (right hand)
Wands
 t - a wand of flame (30)
 z - a wand of polymorph (7)
 B - a wand of random effects (23)
 C - a wand of digging (6)
 G - a wand of acid (11)
Scrolls
 f - 2 scrolls of teleportation
 o - 4 scrolls of identify
 q - 2 scrolls of magic mapping
 v - 3 scrolls of remove curse
Potions
 g - 6 potions of curing
 h - 5 potions of heal wounds {unknown}
 j - 2 potions of brilliance {unknown}
 l - 2 potions of resistance {unknown}
 p - 2 potions of mutation {unknown}
 w - a potion of lignification {unknown}
 E - a potion of might {unknown}
Comestibles
 a - 16 chunks of flesh
 c - 24 rations


   Skills:
 + Level 9.6 Fighting
 + Level 8.0 Axes
 + Level 9.1 Armour
 + Level 7.0 Dodging


You had 9 spell levels left.
You didn't know any spells.
Your spell library was empty.

Dungeon Overview and Level Annotations

Branches:
Dungeon (9/15)             Temple (1/1) D:6             Orc (0/2) D:9
   Lair: D:8-11

Altars:
Ashenzari
Cheibriados
Elyvilon
Fedhas
Hepliaklqana
Kikubaaqudgha
Makhleb
Nemelex Xobeh
Okawaru
Qazlal
Sif Muna
Trog
Zin
The Shining One

Shops:
D:6 !


Innate Abilities, Weirdness & Mutations

You are resistant to torment.
Your stone body is resilient. (AC +7)
You are immune to poison.
You resist negative energy. (rN+)
You are resistant to electric shocks. (rElec)
You can survive without breathing.
You are immune to petrification.
You are immune to rotting.


Message History

The killer bee barely misses you.
The killer bee stings you but does no damage.
You slice the killer bee!!
You kill the killer bee!
Trog accepts your kill.
You miss the killer bee. You slash the killer bee!
You kill the killer bee!
Trog accepts your kill.
Your Axes skill increases to level 8!
The killer bee stings you but does no damage.
You closely miss the orc priest. You slice the killer bee!!
You kill the killer bee!
Trog accepts your kill. The orc priest misses you.
You slash the orc priest!
You kill the orc priest!
Trog accepts your kill.
You barely miss the orc warrior.
The orc warrior hits you with a cursed -1 flail.
You die...

.....#.####*******,***,*,*,*,* *
####.#.....,,,..,,..,,..,,,,,* *
............,,..##.#*#.#,********
####........,,.....,....,*≈≈≈≈≈**
# #.#######*##....#...#,*≈*,*≈**
# #.#,,,,,,,,..#.#...,*,+,,_,,+,
# #.#,*##****#.#o..,,,*,*≈*,*≈*,
# #.#,*#...###†#o#.#..#,*≈≈≈≈≈*,
# #.#,,+...'...@)Wo...#,********
# #.#***^..###.#.#.#..#,*,,,,,,,
# #.# *,,,* #.#.#,*,,*,******** #
#.# ***** #.#.#,*,,,,,,,,,,,, #
#.# #.#.#,************,
####.##########.#.#,* *,,,,,,,,,
................#.#,* *,*******,
####.##########.#.#,* *,* *, #<#
#.#,*,* *,* *,


You could see a hungry ghost, an orc warrior, an orc wizard and an orc.

Vanquished Creatures
  A two-headed ogre (D:9)
  A troll (D:9)
  A hippogriff (D:8)
  Eustachio (D:6)
  A hog (D:7)
  A human (D:7)
  The ghost of Keith the Chopper, an amateur DsBe of Trog (D:3)
  3 yaks (D:7)
  A hungry ghost (D:8)
  Edmund (D:4)
  4 orc warriors
  A swamp drake (D:9)
  4 sky beasts
  A black bear (D:6)
  A necrophage (D:8)
  3 ice beasts
  4 ogres
  A centaur (D:5)
  A big kobold (D:9)
  A bullfrog (D:8)
  A gnoll sergeant (D:9)
  2 scorpions
  6 killer bees (D:9)
  A howler monkey (D:7)
  5 wights
  4 crimson imps
  A bullfrog zombie (D:8)
  4 quasits
  5 hounds
  A jelly (D:5)
  6 orc priests
  2 centaur skeletons
  8 orc wizards
  Natasha (thrice) (D:4)
  3 iguanas
  Ijyb (D:4)
  6 worker ants
  2 howler monkey zombies (D:6)
  Robin (D:4)
  18 gnolls
  3 adders
  2 shadow imps (D:6)
  2 adder skeletons
  3 worms
  A dart slug (D:4)
  6 leopard geckos
  18 orcs
  A ball python (D:5)
  6 bats
  9 giant cockroaches
  15 goblins
  6 hobgoblins
  12 jackals
  6 kobolds
  4 quokkas (D:3)
  5 frilled lizards
  2 jackal skeletons
  A leopard gecko skeleton (D:4)
  2 rats (D:1)
217 creatures vanquished.

Vanquished Creatures (collateral kills)
  An orc (D:9)
1 creature vanquished.

Grand Total: 218 creatures vanquished

Notes
Turn   | Place    | Note
-------+----------+-------------------------------------------
     0 | D:1      | Fang the Gargoyle Berserker began the quest for the Orb.
     0 | D:1      | Reached XP level 1. HP: 14/14 MP: 1/1
   102 | D:1      | Reached XP level 2. HP: 16/19 MP: 2/2
   364 | D:1      | Reached ** piety under Trog
   579 | D:2      | Reached XP level 3. HP: 21/24 MP: 3/3
   949 | D:2      | Found a snail-covered altar of Cheibriados.
  1085 | D:2      | Found a bloodstained altar of Trog.
  1253 | D:3      | Found a transporter.
  1292 | D:3      | Found a transporter.
  1298 | D:3      | Noticed Keith's ghost (amateur DsBe)
  1410 | D:3      | Reached XP level 4. HP: 29/29 MP: 4/4
  1687 | D:3      | Reached XP level 5. HP: 30/33 MP: 5/5
  1861 | D:3      | Killed Keith's ghost
  1861 | D:3      | Reached XP level 6. HP: 40/40 MP: 6/6
  1943 | D:4      | Reached skill level 5 in Fighting
  1949 | D:4      | Reached XP level 7. HP: 21/44 MP: 7/7
  2176 | D:4      | Noticed Robin
  2181 | D:4      | Reached *** piety under Trog
  2191 | D:4      | Killed Robin
  2259 | D:4      | Noticed Ijyb
  2266 | D:4      | Killed Ijyb
  2326 | D:4      | Found a glowing golden altar of the Shining One.
  2337 | D:4      | Found a deep blue altar of Sif Muna.
  2339 | D:4      | Found a glowing silver altar of Zin.
  2346 | D:4      | Noticed Natasha
  2353 | D:4      | Killed Natasha
  2431 | D:4      | Noticed Natasha
  2435 | D:4      | Found an iron altar of Okawaru.
  2436 | D:4      | Noticed Edmund
  2438 | D:4      | Killed Natasha
  2446 | D:4      | Killed Edmund
  2612 | D:4      | Noticed Natasha
  2618 | D:4      | Reached skill level 5 in Armour
  2626 | D:4      | Killed Natasha
  2626 | D:4      | Reached **** piety under Trog
  2692 | D:4      | Found a blossoming altar of Fedhas.
  2706 | D:4      | Reached XP level 8. HP: 49/51 MP: 8/8
  2889 | D:5      | Entered Level 5 of the Dungeon
  2930 | D:5      | Found a hazy altar of Hepliaklqana.
  2937 | D:5      | Reached skill level 5 in Axes
  3676 | D:6      | Noticed Eustachio
  3778 | D:6      | Killed Eustachio
  3778 | D:6      | Reached XP level 9. HP: 47/57 MP: 6/9
  3829 | D:6      | Found Haczuk's Distillery.
  3847 | D:6      | Reached skill level 5 in Dodging
  4056 | D:6      | Found a staircase to the Ecumenical Temple.
  4083 | D:6      | Found an ancient bone altar of Kikubaaqudgha.
  4102 | Temple   | Entered the Ecumenical Temple
  4772 | D:7      | Reached ***** piety under Trog
  4838 | D:7      | Found a sparkling altar of Nemelex Xobeh.
  4853 | D:7      | Found a white marble altar of Elyvilon.
  5245 | D:8      | Reached XP level 10. HP: 64/64 MP: 10/10
  5392 | D:8      | Found a stormy altar of Qazlal.
  5486 | D:8      | Found a shattered altar of Ashenzari.
  5671 | D:8      | Found a burning altar of Makhleb.
  6335 | D:9      | Noticed a two-headed ogre
  6353 | D:9      | Killed a two-headed ogre
  6444 | D:9      | Received a gift from Trog
  6574 | D:9      | Found a staircase to the Orcish Mines.
  6723 | D:9      | HP: 4/99 [killer bee (4)]
  6726 | D:9      | Slain by an orc warrior

Skill      XL: |  1  2  3  4  5  6  7  8  9 10 |
---------------+-------------------------------+-----
Dodging        | 2 3 4 6 7 |  7.0
Axes           | 3 4 5 6 8 |  8.0
Fighting       | 4 5 7 8 9 |  9.6
Armour         | 3 4 5 6 7 9 |  9.1

Action                   |  1- 3 |  4- 6 |  7- 9 | 10-12 || total
-------------------------+-------+-------+-------+-------++-------
Melee: Hand axe          |   130 |    70 |   367 |   174 ||   741
       Battleaxe         |       |       |       |    40 ||    40
Invok: Berserk           |       |     1 |     3 |     3 ||     7
  Use: Scroll            |     1 |       |       |    16 ||    17
       Potion            |       |       |       |     1 ||     1
  Eat: Chunk             |     2 |     2 |    13 |     7 ||    24
       Ration            |       |       |       |     1 ||     1
Armor: Scale mail        |    79 |    71 |   189 |    46 ||   385
       Plate armour      |       |       |       |   136 ||   136
Dodge: Dodged            |    94 |    72 |   273 |   153 ||   592
Block: Other             |       |       |     5 |       ||     5
       Reflection        |       |       |     1 |       ||     1
